 Dungeon Crawl Stone Soup version 0.26-a0-833-g7262b39652 (webtiles) character file.

Game seed: 8130147689552653490

177607 Gargoyl the Corrupter of Planes (level 18, 0/143 HPs)
             Began as a Gnoll Abyssal Knight on Nov 16, 2020.
             Was the Champion of Lugonu.
             Killed from afar by Arachne (10 damage)
             ... with a poison arrow
             ... on level 4 of the Spider Nest.
             The game lasted 01:01:34 (47520 turns).

Gargoyl the Corrupter of Planes (GnAK)             Turns: 47520, Time: 01:01:34

Health: 0/143      AC: 32    Str: 20 (21) XL:     18   Next: 17%
Magic:  0/30       EV: 15    Int: 12 (13) God:    Lugonu [******]
Gold:   2198       SH: 13    Dex: 20 (26) Spells: 41/41 levels left

rFire    . . .     SeeInvis .   K - +7 hand axe of Winter {vorpal, MR++ Dex+4}
rCold    . . .     Faith    .   Q - +0 kite shield {reflect}
rNeg     . . .     Spirit   +   j - +6 storm dragon scales
rPois    +         Reflect  +   L - -1 hat of the Desert {Rampage rPois Int-2}
rElec    +         Harm     .   b - +2 cloak
rCorr    .         Rampage  +   J - +0 pair of gloves
MR       +++..     Clarity  +   y - +1 pair of boots
Stlth    ++........             e - amulet of guardian spirit
HPRegen  0.33/turn              c - +4 ring of protection
MPRegen  0.22/turn              I - +6 ring of dexterity

@: lethally poisoned (0 -> -3), about to teleport
A: distributed training, fangs 1, clarity, low mp 1, strong nose
a: Depart the Abyss, Bend Space, Banish, Corrupt, Enter the Abyss, Brand Weapon
With Distortion, Renounce Religion


You were on level 4 of the Spider Nest.
You worshipped Lugonu.
Lugonu was exalted by your worship.
You visited 4 branches of the dungeon, and saw 27 of its levels.
You visited the Abyss 2 times.

You collected 2943 gold pieces.
You spent 745 gold pieces at shops.

Inventory:

Hand Weapons
 g - the +9 mace of the Eggplant {vorpal, rF+ rC+}
   (You found it on level 6 of the Dungeon)

   It inflicts extra damage upon your enemies.
   It protects you from fire.
   It protects you from cold.
 K - the +7 hand axe of Winter (weapon) {vorpal, MR++ Dex+4}
   (You bought it in a shop on level 2 of the Orcish Mines)

   It inflicts extra damage upon your enemies.
   It affects your dexterity (+4).
   It affects your resistance to hostile enchantments.
 M - a +3 vorpal hand axe
 P - a +5 demon trident of electrocution
Missiles
 i - 134 poisoned darts (quivered)
Armour
 b - a +2 cloak (worn)
 j - +6 storm dragon scales (worn)
 y - a +1 pair of boots (worn)
 B - a +1 hat of see invisible
 J - a +0 pair of gloves (worn)
 L - the -1 hat of the Desert (worn) {Rampage rPois Int-2}
   (You acquired it on level 14 of the Dungeon)

   It affects your intelligence (-2).
   It protects you from poison.
   It bestows one free step when moving towards enemies.
 Q - a +0 kite shield of reflection (worn)
Jewellery
 a - an uncursed ring of protection from magic
 c - a +4 ring of protection (left hand)
 e - an amulet of guardian spirit (around neck)
 l - an uncursed ring of resist corrosion
 r - an uncursed ring of protection from magic
 w - an uncursed ring of poison resistance
 G - an uncursed ring of protection from magic
 I - a +6 ring of dexterity (right hand)
Wands
 k - a wand of flame (75)
 m - a wand of disintegration (15)
 p - a wand of paralysis (22)
 u - a wand of iceblast (25)
 v - a wand of enslavement (7)
 A - a wand of random effects (19)
 E - a wand of digging (5)
Scrolls
 f - 2 scrolls of holy word
 h - 10 scrolls of identify
 o - 9 scrolls of remove curse
 q - 3 scrolls of fog
 s - a scroll of teleportation
 C - 5 scrolls of magic mapping
Potions
 d - 2 potions of resistance
 n - 4 potions of haste
 t - a potion of ambrosia
 x - a potion of curing
 z - 6 potions of flight
 D - 3 potions of might
 F - 3 potions of brilliance
 H - 2 potions of invisibility
Miscellaneous
 O - a condenser vane


   Skills:
 + Level 13.3 Fighting
 + Level 12.0 Short Blades
 + Level 12.0 Long Blades
 + Level 12.7 Axes
 + Level 12.0 Maces & Flails
 + Level 12.0 Polearms
 + Level 12.0 Staves
 + Level 12.0 Slings
 + Level 12.0 Bows
 + Level 12.0 Crossbows
 + Level 12.0 Throwing
 + Level 12.7 Armour
 + Level 12.2 Dodging
 + Level 12.0 Stealth
 + Level 12.0 Shields
 + Level 12.0 Unarmed Combat
 + Level 12.0 Spellcasting
 + Level 10.2 Conjurations
 + Level 10.2 Hexes
 + Level 10.2 Summonings
 + Level 10.2 Necromancy
 + Level 10.2 Translocations
 + Level 10.2 Transmutations
 + Level 10.2 Fire Magic
 + Level 10.2 Ice Magic
 + Level 10.2 Air Magic
 + Level 10.2 Earth Magic
 + Level 10.2 Poison Magic
 + Level 13.6 Invocations
 + Level 12.0 Evocations


You had 41 spell levels left.
You didn't know any spells.
Your spell library contained the following spells:

 Spells                   Type           Power        Failure   Level
 Animate Skeleton         Necr           ####..       1%          1
 Apportation              Tloc           ####..       1%          1
 Beastly Appendage        Tmut           ####..       1%          1
 Corona                   Hex            ####...      1%          1
 Foxfire                  Conj/Fire      ####         1%          1
 Freeze                   Ice            ####         1%          1
 Magic Dart               Conj           ####         1%          1
 Shock                    Conj/Air       ####         1%          1
 Sting                    Tmut/Pois      ####         1%          1
 Summon Small Mammal      Summ           ####         1%          1
 Call Imp                 Summ           ####....     1%          2
 Corpse Rot               Necr/Air       N/A          1%          2
 Ensorcelled Hibernation  Hex/Ice        ####..       1%          2
 Poisonous Vapours        Pois/Air       ####..       1%          2
 Sublimation of Blood     Necr           ####......   1%          2
 Swiftness                Air            ####....     1%          2
 Call Canine Familiar     Summ           ####....     3%          3
 Confusing Touch          Hex            ####....     3%          3
 Dazzling Flash           Conj/Hex       ####..       3%          3
 Frozen Ramparts          Ice            ####..       3%          3
 Ignite Poison            Fire/Tmut/Pois ####....     3%          3
 Mephitic Cloud           Conj/Pois/Air  ####....     3%          3
 Ozocubu's Armour         Ice            ####....     3%          3
 Spider Form              Tmut/Pois      ####......   3%          3
 Static Discharge         Conj/Air       ####....     3%          3
 Summon Guardian Golem    Hex/Summ       ####....     3%          3
 Tukima's Dance           Hex            ####....     3%          3
 Airstrike                Air            ####......   13%         4
 Cause Fear               Hex            ####......   13%         4
 Dispel Undead            Necr           ####....     13%         4
 Hailstorm                Conj/Ice       ####....     13%         4
 Summon Ice Beast         Ice/Summ       ####....     13%         4
 Summon Lightning Spire   Summ/Air       ####....     13%         4
 Agony                    Necr           ####....     34%         5
 Alistair's Intoxication  Tmut/Pois      ####.....    34%         5
 Excruciating Wounds      Necr           ####......   34%         5
 Lightning Bolt           Conj/Air       ####......   34%         5
 Silence                  Hex/Air        ####......   34%         5
 Yara's Violent Unravell  Hex/Tmut       ####......   34%         5
 Discord                  Hex            ####......   100%        8


Dungeon Overview and Level Annotations

Branches:
Dungeon (15/15)            Temple (0/1) D:4            Lair (6/6) D:9
  Swamp (0/4) Lair:4       Spider (4/4) Lair:3        Slime (0/5) Lair:6
    Orc (2/2) D:12            Elf (0/3) Orc:2        Vaults (0/5) D:13
 Depths (0/5) D:15

Altars:
Cheibriados
Dithmenos
Elyvilon
Makhleb
Nemelex Xobeh
Okawaru
Qazlal
Sif Muna
Wu Jian
Xom
Yredelemnul
The Shining One
Beogh

Shops:
D:6 *   D:13 :   Orc:2 (*[(

Portals:
Trove: D:15 (give 15 scrolls of teleportation)

Annotations:
Spider:4 Arachne


Innate Abilities, Weirdness & Mutations

Your experience applies equally to all skills.
You have very sharp teeth.
Your uncanny sense of smell can sniff out nearby items.
You possess an exceptional clarity of mind.
Your magical capacity is low. (-10% MP)


Message History

You feel better.
Arachne mumbles some strange words.
Arachne blinks!
The redback completely misses you.
As you read the scroll of teleportation, it crumbles to dust.
You feel strangely unstable. You block the redback's attack.
Arachne points her staff at you, shooting a stream of webbing.
The stream of webbing misses you. The redback misses you.
Unknown command.
As you read the scroll of fog, it crumbles to dust.
The scroll dissolves into smoke.
Arachne hits you with an uncursed staff of poison.
* * * LOW HITPOINT WARNING * * *
Arachne envenoms you!
* * * LOW HITPOINT WARNING * * *
You block the redback's attack.
Arachne stares at you and mumbles some strange words.
The poison arrow hits you!
You are poisoned.
You partially resist.
You die...

###################
#####.^.^^..^^^.......#
...##.<.....^.........#
...###...<^..<(.......#
.....^....####(....^###
.............#(#......#
.....^..^#^..#(§§§(...#
.^....[##.....§§@s§...#
..###...##.....§H§....#
##..^.#..#..........#.#
#^.^.##^.....^..#^....#
##...^#...^...^#.#^...#
###.........###....†..#
..#........^.#..##(...#
..^..........#........#
....^.....####^......^#


You could see Arachne (very poisoned) and a redback.

Vanquished Creatures
  Gastronok (D:9)
  Agnes (Spider:4)
  Donald (Spider:4)
  Louise (Spider:4)
  2 ghost moths (Spider:4)
  2 emperor scorpions
  An orc warlord (D:12)
  3 entropy weavers
  A spark wasp (Spider:2)
  Snorg (Lair:3)
  A fire dragon (D:15)
  Harold (D:11)
  12 hydras
  4 boulder beetles
  2 ice dragons
  2 catoblepae
  4 centaur warriors (D:14)
  A death knight (D:15)
  7 two-headed ogres
  11 death yaks
  A queen ant (Spider:2)
  A tengu warrior (D:15)
  Erica (D:8)
  An ogre mage (D:15)
  2 orc high priests
  Urug (D:10)
  Nergalle (D:12)
  A skeletal warrior (D:15)
  2 sea snakes
  2 bog bodies (Lair:4)
  Pikel (D:7)
  A lindwurm (Lair:6)
  A lindwurm (shapeshifter) (D:13)
  A wizard (D:15)
  A harpy (Lair:6)
  A harpy (shapeshifter) (D:12)
  2 wolf spider zombies (D:15)
  17 orb spiders
  3 manticores
  30 wolf spiders
  3 cyclopes
  4 orc sorcerers (Orc:2)
  19 ugly things
  A moth of wrath (Spider:2)
  Maurice (D:9)
  22 elephants
  2 torpor snails
  2 black mambas
  10 cane toads
  2 gargoyles
  6 rime drakes
  A cane toad (shapeshifter) (D:15)
  2 freezing wraiths
  14 demonic crawlers
  14 komodo dragons
  4 kobold demonologists
  2 hellwings
  7 trolls
  A tengu conjurer (D:15)
  6 polar bears
  3 meliai (Spider:1)
  29 jumping spiders
  10 hornets
  A blink frog (shapeshifter) (D:13)
  A wolf spider simulacrum (D:14)
  5 slime creatures (D:14)
  2 meliai zombies
  10 blink frogs
  A centaur simulacrum (D:12)
  49 tarantellas
  65 redbacks
  11 wyverns
  5 wraiths
  2 vampires (D:15)
  A small abomination (Abyss:1)
  5 basilisks
  37 yaks
  A chaos spawn (Abyss:1)
  2 swamp worms (Lair:4)
  22 soldier ants (Spider:2)
  3 wargs
  2 acid dragons
  10 water moccasins
  3 sky beasts
  A hornet zombie (D:6)
  3 black bears
  26 orc warriors
  3 ice beasts
  2 phantoms
  12 ogres
  13 centaurs
  39 wolves
  9 big kobolds
  21 bullfrogs
  5 wyvern skeletons
  5 scorpions
  24 killer bees
  A water moccasin skeleton (D:7)
  3 wights (D:11)
  A vampire bat (D:12)
  4 electric eels
  2 howler monkeys
  8 centaur zombies
  35 orc wizards
  5 jellies
  30 orc priests
  3 hounds
  2 bullfrog skeletons (D:10)
  8 centaur skeletons
  6 iguanas
  Jessica (D:2)
  29 worker ants
  2 hound skeletons
  3 worker ant zombies
  4 gnolls (D:7)
  A howler monkey skeleton (D:4)
  12 adders
  4 shadow imps (D:10)
  10 white imps
  An ufetubus (D:9)
  3 oozes
  3 dart slugs
  2 leopard geckos (D:2)
  90 orcs
  5 giant cockroaches
  9 goblins
  4 hobgoblins
  30 kobolds
  3 quokkas
  10 bats
  11 frilled lizards
  A quokka skeleton (D:9)
  4 rats
1046 creatures vanquished.

Vanquished Creatures (others)
  2 jumping spiders
  A tarantella (Spider:3)
  An orc wizard (D:7)
  20 fungi
  74 plants
  A withered plant (D:10)
99 creatures vanquished.

Grand Total: 1145 creatures vanquished

Notes
Turn   | Place    | Note
-------+----------+-------------------------------------------
     0 | Abyss:1  | Gargoyl the Gnoll Abyssal Knight began the quest for the
                  | Orb.
     0 | Abyss:1  | Reached XP level 1. HP: 23/23 MP: 3/3
    38 | Abyss:1  | Noticed a tentacled starspawn
    40 | D:1      | Escaped the Abyss
   209 | D:1      | Reached XP level 2. HP: 24/29 MP: 5/5
   693 | D:1      | Reached XP level 3. HP: 35/35 MP: 6/6
   749 | D:1      | Reached * piety under Lugonu
   848 | D:2      | Noticed Jessica
   858 | D:2      | Killed Jessica
   859 | D:2      | Reached skill level 1 in Short Blades
   859 | D:2      | Reached skill level 1 in Long Blades
   859 | D:2      | Reached skill level 1 in Maces & Flails
   859 | D:2      | Reached skill level 1 in Polearms
   859 | D:2      | Reached skill level 1 in Staves
   859 | D:2      | Reached skill level 1 in Slings
   859 | D:2      | Reached skill level 1 in Bows
   859 | D:2      | Reached skill level 1 in Crossbows
   859 | D:2      | Reached skill level 1 in Throwing
   859 | D:2      | Reached skill level 1 in Stealth
   859 | D:2      | Reached skill level 1 in Shields
   859 | D:2      | Reached skill level 1 in Unarmed Combat
   859 | D:2      | Reached skill level 1 in Spellcasting
   859 | D:2      | Reached skill level 1 in Evocations
   929 | D:2      | Reached XP level 4. HP: 41/41 MP: 7/7
  1485 | D:3      | Reached skill level 1 in Conjurations
  1485 | D:3      | Reached skill level 1 in Hexes
  1485 | D:3      | Reached skill level 1 in Summonings
  1485 | D:3      | Reached skill level 1 in Necromancy
  1485 | D:3      | Reached skill level 1 in Translocations
  1485 | D:3      | Reached skill level 1 in Transmutations
  1485 | D:3      | Reached skill level 1 in Fire Magic
  1485 | D:3      | Reached skill level 1 in Ice Magic
  1485 | D:3      | Reached skill level 1 in Air Magic
  1485 | D:3      | Reached skill level 1 in Earth Magic
  1485 | D:3      | Reached skill level 1 in Poison Magic
  1526 | D:3      | You fall into a shaft and drop 3 floors!
  1526 | D:6      | Noticed a black bear
  1541 | D:6      | Gained mutation: Your magical capacity is low. (-10% MP)
                  | [potion of mutation]
  1541 | D:6      | Gained mutation: You possess an exceptional clarity of
                  | mind. [potion of mutation]
  1542 | D:6      | Killed a black bear
  1543 | D:6      | Reached XP level 5. HP: 12/47 MP: 3/7
  1548 | D:6      | Got a fine mace
  1549 | D:6      | Identified the +9 mace of the Eggplant {vorpal, rF+ rC+}
                  | (You found it on level 6 of the Dungeon)
  1799 | D:6      | Found Vyviur's General Store.
  1845 | D:6      | Noticed an ogre
  1850 | D:6      | Reached skill level 5 in Invocations
  1850 | D:6      | Reached XP level 6. HP: 53/53 MP: 8/8
  1855 | D:6      | Reached skill level 5 in Axes
  1855 | D:6      | Reached skill level 5 in Armour
  1859 | D:5      | Entered Level 5 of the Dungeon
  1859 | D:5      | Noticed a phantom
  1866 | D:6      | Reached XP level 7. HP: 35/59 MP: 5/9
  2044 | D:4      | Reached ** piety under Lugonu
  2392 | D:4      | Found a snail-covered altar of Cheibriados.
  2559 | D:4      | Found a staircase to the Ecumenical Temple.
  2640 | D:4      | Found a white marble altar of Elyvilon.
  2932 | D:5      | Reached XP level 8. HP: 62/67 MP: 11/11
  3967 | D:7      | Found a basalt altar of Yredelemnul.
  3967 | D:7      | Found an ornate altar of the Wu Jian Council.
  3973 | D:7      | Found a shadowy altar of Dithmenos.
  4037 | D:7      | Noticed Pikel
  4054 | D:7      | Killed Pikel
  4055 | D:7      | Reached XP level 9. HP: 71/73 MP: 13/13
  4415 | D:7      | Reached skill level 5 in Dodging
  4624 | D:7      | Reached *** piety under Lugonu
  5449 | D:8      | Got an ichor-stained flail
  5461 | D:8      | Identified the +6 flail "Jyxuhid" {vorpal, rElec rC+ Dex+2}
                  | (You found it on level 8 of the Dungeon)
  5470 | D:8      | Reached XP level 10. HP: 80/80 MP: 15/15
  5521 | D:8      | Found a basalt altar of Yredelemnul.
  5571 | D:8      | Noticed a kobold demonologist
  5583 | D:8      | Killed a kobold demonologist
  5584 | D:8      | Reached skill level 5 in Short Blades
  5584 | D:8      | Reached skill level 5 in Long Blades
  5584 | D:8      | Reached skill level 5 in Maces & Flails
  5584 | D:8      | Reached skill level 5 in Polearms
  5584 | D:8      | Reached skill level 5 in Staves
  5584 | D:8      | Reached skill level 5 in Slings
  5584 | D:8      | Reached skill level 5 in Bows
  5584 | D:8      | Reached skill level 5 in Crossbows
  5584 | D:8      | Reached skill level 5 in Throwing
  5584 | D:8      | Reached skill level 5 in Stealth
  5584 | D:8      | Reached skill level 5 in Shields
  5584 | D:8      | Reached skill level 5 in Unarmed Combat
  5584 | D:8      | Reached skill level 5 in Spellcasting
  5584 | D:8      | Reached skill level 5 in Evocations
  6117 | D:8      | Noticed Erica
  6130 | D:8      | Killed Erica
  6135 | D:8      | Reached **** piety under Lugonu
  6451 | D:8      | Found a glowing golden altar of the Shining One.
  6575 | D:9      | Found a shimmering altar of Xom.
  6928 | D:9      | Found a burning altar of Makhleb.
  6985 | D:9      | Found a staircase to the Lair.
  7503 | D:9      | Noticed Maurice
  7515 | D:9      | Killed Maurice
  7516 | D:9      | Reached XP level 11. HP: 44/87 MP: 8/17
  7917 | D:10     | Entered Level 10 of the Dungeon
  8272 | D:9      | Found a sparkling altar of Nemelex Xobeh.
  8272 | D:9      | Found a stormy altar of Qazlal.
  8463 | Lair:1   | Entered Level 1 of the Lair of Beasts
  8490 | Lair:1   | Reached skill level 5 in Conjurations
  8490 | Lair:1   | Reached skill level 5 in Hexes
  8490 | Lair:1   | Reached skill level 5 in Summonings
  8490 | Lair:1   | Reached skill level 5 in Necromancy
  8490 | Lair:1   | Reached skill level 5 in Translocations
  8490 | Lair:1   | Reached skill level 5 in Transmutations
  8490 | Lair:1   | Reached skill level 5 in Fire Magic
  8490 | Lair:1   | Reached skill level 5 in Ice Magic
  8490 | Lair:1   | Reached skill level 5 in Air Magic
  8490 | Lair:1   | Reached skill level 5 in Earth Magic
  8490 | Lair:1   | Reached skill level 5 in Poison Magic
  8797 | Lair:1   | Noticed a six-headed hydra
  8808 | Lair:1   | Killed a six-headed hydra
  9732 | Lair:1   | Noticed Gastronok
  9907 | D:9      | Killed Gastronok
 10378 | Lair:2   | Noticed an eight-headed hydra
 10424 | Lair:2   | Killed an eight-headed hydra
 10425 | Lair:2   | Reached XP level 12. HP: 54/96 MP: 14/20
 11587 | Lair:3   | Noticed a five-headed hydra
 11596 | Lair:3   | Killed a five-headed hydra
 11877 | Lair:3   | Noticed a seven-headed hydra
 11886 | Lair:3   | Reached ***** piety under Lugonu
 11895 | Lair:3   | Killed a seven-headed hydra
 11896 | Lair:3   | Reached skill level 10 in Fighting
 12041 | Lair:3   | Noticed Snorg
 12061 | Lair:3   | Killed Snorg
 12488 | Lair:3   | Found a hole to the Spider Nest.
 12919 | Lair:3   | Reached XP level 13. HP: 78/103 MP: 17/22
 14141 | Lair:4   | Reached skill level 10 in Invocations
 14141 | Lair:4   | Found a staircase to the Swamp.
 16788 | Lair:6   | Entered Level 6 of the Lair of Beasts
 16788 | Lair:6   | Found a staircase to the Slime Pits.
 17862 | Lair:5   | Reached XP level 14. HP: 49/111 MP: 14/24
 18144 | Lair:5   | Reached skill level 10 in Axes
 18144 | Lair:5   | Reached skill level 10 in Armour
 21161 | Lair:6   | Found a shimmering blue altar of Sif Muna.
 21370 | Lair:6   | Identified Juafusch's Thaumaturgy, Part One
 23571 | D:10     | Found an iron altar of Okawaru.
 24146 | D:10     | Noticed Urug
 24170 | D:10     | Killed Urug
 24179 | D:10     | Reached skill level 10 in Dodging
 24991 | D:11     | Noticed Harold
 25015 | D:11     | Killed Harold
 25016 | D:11     | Reached XP level 15. HP: 112/119 MP: 23/25
 25562 | D:11     | Reached ****** piety under Lugonu
 26319 | D:12     | Noticed Nergalle
 26330 | D:12     | Killed Nergalle
 26546 | D:12     | Found a roughly hewn altar of Beogh.
 26546 | D:12     | Found a staircase to the Orcish Mines.
 27007 | D:12     | Reached skill level 10 in Short Blades
 27007 | D:12     | Reached skill level 10 in Long Blades
 27007 | D:12     | Reached skill level 10 in Maces & Flails
 27007 | D:12     | Reached skill level 10 in Polearms
 27007 | D:12     | Reached skill level 10 in Staves
 27007 | D:12     | Reached skill level 10 in Slings
 27007 | D:12     | Reached skill level 10 in Bows
 27007 | D:12     | Reached skill level 10 in Crossbows
 27007 | D:12     | Reached skill level 10 in Throwing
 27007 | D:12     | Reached skill level 10 in Stealth
 27007 | D:12     | Reached skill level 10 in Shields
 27007 | D:12     | Reached skill level 10 in Unarmed Combat
 27007 | D:12     | Reached skill level 10 in Spellcasting
 27007 | D:12     | Reached skill level 10 in Evocations
 28117 | D:13     | Found a gate to the Vaults.
 28184 | D:13     | Found Kaemoh's Book Shop.
 28494 | D:14     | Identified a scroll of acquirement
 28494 | D:14     | Acquired the -1 hat of the Desert {Rampage rPois Int-2}
 29419 | D:14     | Found an iron altar of Okawaru.
 29550 | D:15     | Entered Level 15 of the Dungeon
 29550 | D:15     | Found a portal to a secret trove of treasure.
 30879 | D:15     | Reached XP level 16. HP: 110/127 MP: 27/27
 32374 | D:15     | Found a staircase to the Depths.
 32712 | Orc:1    | Entered Level 1 of the Orcish Mines
 32712 | Orc:1    | Found a burning altar of Makhleb.
 33667 | Orc:2    | Entered Level 2 of the Orcish Mines
 33976 | Orc:2    | Found a roughly hewn altar of Beogh.
 34976 | Orc:2    | Found Nigroe's Weapon Boutique.
 34976 | Orc:2    | Found Ikhuesch's Armour Shop.
 34979 | Orc:2    | Found Abati's Antique Weapon Shop.
 34986 | Orc:2    | Found Qookhlapyk's Assorted Antiques.
 34988 | Orc:2    | Bought the +7 hand axe of Winter {vorpal, MR++ Dex+4} for
                  | 696 gold pieces
 34992 | Orc:2    | Bought a cursed +0 pair of gloves for 49 gold pieces
 35051 | Orc:2    | Found a staircase to the Elven Halls.
 35920 | Spider:1 | Entered Level 1 of the Spider Nest
 39628 | Spider:2 | Reached XP level 17. HP: 123/135 MP: 25/28
 40696 | Spider:1 | HP: 6/135 [poisoned by a redback]
 40702 | Spider:1 | HP: 5/135 [poisoned by a redback]
 40710 | Spider:1 | HP: 5/135 [poisoned by a redback]
 40718 | Spider:1 | HP: 5/135 [poisoned by a redback]
 42816 | Abyss:1  | Found a corrupted altar of Lugonu.
 42819 | Abyss:1  | HP: 5/135 [acid (16)]
 43281 | Abyss:1  | Noticed a tentacled starspawn
 43282 | Spider:3 | Escaped the Abyss
 43416 | Spider:3 | Identified the Papyrus of Envenoming
 43979 | Spider:4 | Entered Level 4 of the Spider Nest
 44552 | Spider:4 | Noticed Louise
 44967 | Spider:4 | Reached skill level 10 in Conjurations
 44967 | Spider:4 | Reached skill level 10 in Hexes
 44967 | Spider:4 | Reached skill level 10 in Summonings
 44967 | Spider:4 | Reached skill level 10 in Necromancy
 44967 | Spider:4 | Reached skill level 10 in Translocations
 44967 | Spider:4 | Reached skill level 10 in Transmutations
 44967 | Spider:4 | Reached skill level 10 in Fire Magic
 44967 | Spider:4 | Reached skill level 10 in Ice Magic
 44967 | Spider:4 | Reached skill level 10 in Air Magic
 44967 | Spider:4 | Reached skill level 10 in Earth Magic
 44967 | Spider:4 | Reached skill level 10 in Poison Magic
 45528 | Spider:4 | Killed Louise
 45933 | Spider:4 | Noticed Donald
 45945 | Spider:4 | Noticed Agnes
 45950 | Spider:4 | Killed Donald
 45967 | Spider:4 | Killed Agnes
 46441 | Spider:4 | Reached XP level 18. HP: 135/143 MP: 30/30
 47493 | Spider:4 | Noticed Arachne
 47517 | Spider:4 | HP: 5/143 [redback (3)]
 47520 | Spider:4 | Killed from afar by Arachne

Illustrated notes

Levels and vault maps discovered:
D:1:      heliophobic_arrival_dark_side_of_the_moon, layout_basic
D:2:      layout_rooms, minivault_11, grunt_ministairs_6, uniq_jessica
D:3:      layout_rooms, st_stairs_11
D:4:      layout_basic, cheibriados_altar_1, elyvilon_altar_1,
          minmay_temple_entry_butterflies, lightli_corner_chamber
D:5:      layout_rooms
D:6:      layout_basic, serial_shops, shop_statue, skrybe_limestone_x
D:7:      layout_rooms, gammafunk_temple_overflow_forgotten, uniq_pikel
D:8:      layout_loops_corners, tso_oasis_becter, special_room
          [special_room_kobold], basic_altar, uniq_erica
D:9:      layout_stronghold, nicolae_overflow_hidden_temple, xom_teletrap_fun,
          minitemple, david_lair_shrubbed, serial_glass, glass_columns_c,
          glass_columns_a, uniq_maurice
D:10:     cheibrodos_grave_circle, layout_loops_ring, okawaru_metal_pillars_3,
          uniq_urug
D:11:     layout_rooms, uniq_harold
D:12:     layout_small_grid, david_orc_5, serial_ice, serial_ice_h,
          serial_ice_n, serial_ice_e, serial_ice_m,
          portal_ice_cave_entry_animals_and_master, uniq_nergalle
D:13:     layout_long_grid, david_vaults_2, serial_shops, shop
D:14:     layout_loops_ring, basic_altar, kennysheep_another_room
D:15:     grunt_enter_depths_hoard, layout_basic, enter_trove_1,
          minmay_misc_feat_four_crosses, st_stairs_11, minmay_misc_feat_ornament
Lair:1:   layout_layer_cave, infiniplex_staircase_pool_2, uniq_gastronok
Lair:2:   layout_small_grid, st_stairs_3
Lair:3:   layout_misc_corridors, dummy_spider_entry, uniq_snorg
Lair:4:   layout_cave_pods, nicolae_swamp_entry_splash_gauntlet,
          minmay_lair_oklob_chamber
Lair:5:   layout_hall_layers
Lair:6:   gammafunk_lair_ancient_temple, layout_gridlike,
          minmay_slime_entry_oklob_open, basic_altar,
          nicolae_volcano_entry_s_turn, grunt_forest_large_clearings
Spider:1: layout_spider_delve
Spider:2: layout_spider_delve, zaba_anthell
Spider:3: layout_spider_delve, spiders_nest_hornet_nest
Spider:4: spider_rune_water, nicolae_arachne_temple, uniq_agnes, uniq_louise,
          uniq_donald
Orc:1:    layout_caves, basic_altar, roderic_batcave
Orc:2:    st_orc_mages, layout_caves, basic_altar

Skill      XL: |  1  2  3  4  5  6  7  8  9 10 11 12 13 14 15 16 17 18 |
---------------+-------------------------------------------------------+-----
Short Blades   | 1 2 4 5 6 7 8 9 10 11 12 | 12.0
Long Blades    | 1 2 4 5 6 7 8 9 10 11 12 | 12.0
Maces & Flails | 1 2 4 5 6 7 8 9 10 11 12 | 12.0
Polearms       | 1 2 4 5 6 7 8 9 10 11 12 | 12.0
Staves         | 1 2 4 5 6 7 8 9 10 11 12 | 12.0
Slings         | 1 2 4 5 6 7 8 9 10 11 12 | 12.0
Bows           | 1 2 4 5 6 7 8 9 10 11 12 | 12.0
Crossbows      | 1 2 4 5 6 7 8 9 10 11 12 | 12.0
Throwing       | 1 2 4 5 6 7 8 9 10 11 12 | 12.0
Stealth        | 1 2 4 5 6 7 8 9 10 11 12 | 12.0
Shields        | 1 2 4 5 6 7 8 9 10 11 12 | 12.0
Unarmed Combat | 1 2 4 5 6 7 8 9 10 11 12 | 12.0
Spellcasting   | 1 2 4 5 6 7 8 9 10 11 12 | 12.0
Evocations     | 1 2 4 5 6 7 8 9 10 11 12 | 12.0
Conjurations   | 1 2 3 4 5 6 7 8 9 10 | 10.2
Hexes          | 1 2 3 4 5 6 7 8 9 10 | 10.2
Summonings     | 1 2 3 4 5 6 7 8 9 10 | 10.2
Necromancy     | 1 2 3 4 5 6 7 8 9 10 | 10.2
Translocations | 1 2 3 4 5 6 7 8 9 10 | 10.2
Transmutations | 1 2 3 4 5 6 7 8 9 10 | 10.2
Fire Magic     | 1 2 3 4 5 6 7 8 9 10 | 10.2
Ice Magic      | 1 2 3 4 5 6 7 8 9 10 | 10.2
Air Magic      | 1 2 3 4 5 6 7 8 9 10 | 10.2
Earth Magic    | 1 2 3 4 5 6 7 8 9 10 | 10.2
Poison Magic   | 1 2 3 4 5 6 7 8 9 10 | 10.2
Dodging        | 3 4 5 6 7 8 9 10 11 12 | 12.2
Invocations    | 5 6 7 8 9 10 11 12 13 | 13.6
Axes           | 5 6 7 8 9 10 11 12 | 12.7
Armour         | 5 6 7 8 9 10 11 12 | 12.7
Fighting       | 7 8 9 10 11 12 13 | 13.3

Action                   |  1- 3 |  4- 6 |  7- 9 | 10-12 | 13-15 | 16-18 || total
-------------------------+-------+-------+-------+-------+-------+-------++-------
Melee: Hand axe          |    70 |    60 |       |       |       |  1607 ||  1737
       Bite              |     6 |     8 |    20 |    82 |   332 |   475 ||   923
       Mace              |       |    17 |   224 |   652 |  1931 |   505 ||  3329
       Punch             |       |     1 |     6 |    22 |    47 |       ||    76
Throw: Dart              |       |       |       |    26 |    33 |   104 ||   163
Invok: Depart the Abyss  |     1 |       |       |       |       |     1 ||     2
       Banish            |       |       |       |       |     3 |     6 ||     9
       Bend Space        |       |       |       |       |     2 |     7 ||     9
       Enter the Abyss   |       |       |       |       |       |     1 ||     1
Evoke: Wand              |       |       |       |       |       |     2 ||     2
  Use: Scroll            |     2 |       |    13 |     8 |    17 |    11 ||    51
       Potion            |       |     1 |       |     1 |     6 |     8 ||    16
 Stab: Sleeping          |       |       |       |       |     4 |     5 ||     9
       Petrified         |       |       |       |       |       |    16 ||    16
       Petrifying        |       |       |       |       |       |     6 ||     6
       Held in net/web   |       |       |       |       |       |    24 ||    24
       Distracted        |       |       |       |       |       |     1 ||     1
Armor: Leather armour    |    15 |    22 |       |       |       |       ||    37
       Plate armour      |       |    28 |       |       |       |       ||    28
       Ring mail         |       |     4 |       |       |       |       ||     4
       Storm dragon scal |       |     5 |   148 |   487 |  1450 |  1350 ||  3440
Dodge: Dodged            |    36 |    75 |   196 |   708 |  1829 |  1396 ||  4240
Block: Kite shield       |       |       |       |       |   966 |  1908 ||  2874
       Reflection        |       |       |       |       |       |     2 ||     2

Table legend: (Time is in decaauts)
 A = Elapsed time spent in this place.
 B = Non-inter-level travel time spent in this place.
 C = Inter-level travel time spent in this place.
 D = Time resting spent in this place.
 E = Time spent auto-exploring this place.
 F = Levels seen in this place.
 G = Mean time per level.
                   A        B        C        D        E       F      G
               +--------+--------+--------+--------+--------+-----+--------+
         Total |  47281 |  46002 |   1279 |  18210 |  17847 |  29 | 1630.4 |
       Dungeon |  18912 |  18095 |    817 |   4392 |   9468 |  15 | 1260.8 |
          Lair |  14774 |  14396 |    378 |   6911 |   4871 |   6 | 2462.3 |
   Spider Nest |  10756 |  10727 |     29 |   5783 |   2524 |   4 | 2689.0 |
  Orcish Mines |   2338 |   2283 |     55 |    746 |    947 |   2 | 1169.0 |
         Abyss |    499 |    499 |      0 |    377 |     37 |   2 |  249.5 |
               +--------+--------+--------+--------+--------+-----+--------+

Top non-repeatable levels by time:
  Lair:5: 5071 daAuts
Spider:1: 4582 daAuts
  Lair:4: 2581 daAuts
    D:15: 2529 daAuts
    D:12: 2518 daAuts
  Lair:6: 2437 daAuts
     D:9: 2363 daAuts
Spider:3: 2303 daAuts
Spider:4: 1938 daAuts
Spider:2: 1932 daAuts
  Lair:3: 1683 daAuts
  Lair:1: 1627 daAuts
    D:14: 1586 daAuts
    D:10: 1579 daAuts
     D:8: 1393 daAuts
